 Dungeon Crawl Stone Soup version 0.20-a0-903-g7e3609c (webtiles) character file.

4618 Dfrag the Destroyer (level 10, -4/63 HPs)
             Began as a Demonspawn Fire Elementalist on Mar 22, 2017.
             Was a Follower of Vehumet.
             Slain by an orc wizard
             ... wielding a +3 dagger of electrocution
              (11 damage)
             ... on level 9 of the Dungeon.
             The game lasted 00:16:47 (6804 turns).

Dfrag the Destroyer (Demonspawn Fire Elementalist)  Turns: 6804, Time: 00:16:47

Health: -4/63      AC: 11    Str:  3    XL:     10   Next: 19%
Magic:  0/22       EV: 12    Int: 26    God:    Vehumet [*.....]
Gold:   255        SH:  0    Dex: 13    Spells: 12/25 levels left

rFire    . . .     SeeInvis .   G - +4 dire flail (protect)
rCold    . . .     Gourm    .   D - +3 robe of Truth {MR+ Regen+ Str-5}
rNeg     . . .     Faith    .   (shield currently unavailable)
rPois    .         Spirit   .   n - +1 hat
rElec    .         Reflect  .   N - +0 cloak
rCorr    .         Harm     .   s - +1 pair of gloves
MR       +....                  (no boots)
Stlth    +++.......             (no amulet)
Regen    0.6/turn               q - ring of stealth
MPRegen  0.2/turn               f - +5 ring of intelligence

@: very slightly contaminated, drained
A: horns 1, yellow scales 1, demonic guardian 1, spiny 2
a: Renounce Religion


You were on level 9 of the Dungeon.
You worshipped Vehumet.
Vehumet was aware of your devotion.
You were very hungry.

You visited 2 branches of the dungeon, and saw 10 of its levels.
You also visited: Ossuary.

You collected 450 gold pieces.
You spent 195 gold pieces at shops.

Inventory:

Hand Weapons
 G - a +4 dire flail of protection (weapon)
Armour
 n - a +1 hat (worn)
 s - a +1 pair of gloves (worn)
 v - a +0 robe of fire resistance
 D - the +3 robe of Truth (worn) {MR+ Regen+ Str-5}
   (You bought it in a shop on level 5 of the Dungeon)

   It affects your strength (-5).
   It affects your resistance to hostile enchantments.
   It increases your rate of regeneration.
 E - the +9 scales of the Dragon King {rPois rF+ rC+ MR+}
   (You found it on level 5 of the Dungeon)

   It protects you from fire.
   It protects you from cold.
   It protects you from poison.
   It affects your resistance to hostile enchantments.
 N - a +0 cloak (worn)
Magical Staves
 L - an uncursed staff of death
Jewellery
 f - a +5 ring of intelligence (left hand)
 q - a ring of stealth (right hand)
 I - an uncursed ring of flight
Wands
 m - a wand of polymorph (6/24)
 K - a wand of disintegration (14/24)
 P - a wand of confusion (11/48)
Scrolls
 e - 3 scrolls of enchant weapon
 h - 4 scrolls of teleportation
 i - 4 scrolls of amnesia
 j - a scroll of enchant armour
 l - 4 scrolls of identify {unknown}
 o - 3 scrolls of fog {unknown}
 y - 5 scrolls of remove curse
 F - a scroll of immolation {unknown}
 M - a scroll of torment {unknown}
 Q - a scroll of random uselessness {unknown}
Potions
 a - 2 potions of degeneration {unknown}
 g - 9 potions of curing {unknown}
 k - a potion of brilliance {unknown}
 p - 8 potions of heal wounds
 r - a potion of cancellation {unknown}
 t - 3 potions of mutation {unknown}
 u - a potion of berserk rage {unknown}
 w - 2 potions of invisibility {unknown}
 x - a potion of ambrosia {unknown}
 z - 3 potions of flight {unknown}
 H - a potion of haste {unknown}
 J - a potion of resistance {unknown}
Books
 b - a book of Flames

   Spells                             Type                      Level
   a - Flame Tongue                   Conjuration/Fire             1
   b - Throw Flame                    Conjuration/Fire             2
   c - Conjure Flame                  Conjuration/Fire             3
   d - Inner Flame                    Hexes/Fire                   3
   e - Sticky Flame                   Conjuration/Fire             4
   f - Fireball                       Conjuration/Fire             5
 B - a book of Minor Magic

   Spells                             Type                      Level
   a - Magic Dart                     Conjuration                  1
   b - Blink                          Translocation                2
   c - Call Imp                       Summoning                    2
   d - Slow                           Hexes                        2
   e - Conjure Flame                  Conjuration/Fire             3
   f - Mephitic Cloud                 Conjuration/Poison/Air       3
Comestibles
 c - 4 bread rations
 d - 5 meat rations
 A - 4 fruits
 C - 3 royal jellies
 O - 14 chunks of flesh


   Skills:
 - Level 1.7(1.1) Dodging
 - Level 1.7(1.1) Stealth
 + Level 8.2(7.5) Spellcasting
 + Level 8.6(7.8) Conjurations
 + Level 8.4(7.6) Fire Magic


You had 12 spell levels left.
You knew the following spells:

 Your Spells              Type           Power        Failure   Level  Hunger
a - Flame Tongue          Conj/Fire      #####        1%          1    None
b - Conjure Flame         Conj/Fire      ######..     1%          3    None
c - Sticky Flame          Conj/Fire      ######..     2%          4    ##.....
d - Fireball              Conj/Fire      ######....   10%         5    #####..


Dungeon Overview and Level Annotations

Branches:
Dungeon (9/15)             Temple (1/1) D:7
   Lair: D:8-11         Orc: D:9-12

Altars:
Ashenzari
Cheibriados
Dithmenos
Elyvilon
Gozag
Hepliaklqana
Kikubaaqudgha
Makhleb
Nemelex Xobeh
Okawaru
Qazlal
Ru
Sif Muna
Trog
Uskayaw
Vehumet
Yredelemnul
Zin

Shops:
D:5 [[


Innate Abilities, Weirdness & Mutations

You have a pair of small horns on your head.
You are partially covered in yellow scales. (AC +2)
A weak demonic guardian rushes to your aid.
You are mostly covered in sharp spines.


Message History

The orc priest is heavily wounded.
The orc priest hits you but does no damage.
The orc hits you from afar with a halberd.
* * * LOW HITPOINT WARNING * * *
The orc wizard is struck by your spines.
The orc wizard closely misses you. Something hits you but does no damage.
Casting: Flame Tongue
Confirm with . or Enter, or press ? or * to list all spells.
Aiming: Flame Tongue
Press: ? - help, Shift-Dir - straight line, f/p - orc priest
Aim: an orc priest, wielding a falchion (heavily wounded)
The flame tongue hits the orc priest.
The orc priest is severely wounded.
The orc priest mumbles some strange prayers to Beogh against you.
Beogh smites you!
* * * LOW HITPOINT WARNING * * *
The orc closely misses you.
The orc wizard hits you but does no damage.
You are electrocuted!
You die...

..............# #.....#
..............#####.....#
........................#
........................#
..######................#
.. #................+ ..
#..........).....# .
#........){......##..#
#.......)@oo..........
#......†)5o.†.........
#......#######........
#......+ #....####
#......+ #....# .?......#
#....# .........# #....#
.8.......# #....# .###...
#.....


You could see an orc priest, an orc wizard, an orc and a friendly iron imp.

Vanquished Creatures
  2 hippogriffs
  2 wyverns
  Edmund (D:5)
  A hungry ghost (D:8)
  Duvessa (D:4)
  An ice beast (D:6)
  An orc warrior (D:7)
  2 black bears (D:6)
  An eye of draining (D:8)
  5 ogres
  6 centaurs
  Blork the orc (D:6)
  3 bullfrogs
  3 water moccasin zombies (Ossuary)
  Dowan (D:4)
  2 water moccasin skeletons
  6 killer bees (D:8)
  A howler monkey (D:6)
  9 wights
  3 crimson imps
  2 jellies
  2 orc priests (D:7)
  An orc wizard (D:9)
  3 hounds
  A centaur skeleton (D:6)
  5 worker ants
  An iguana (D:4)
  2 big kobold zombies (Ossuary)
  2 hound skeletons (D:7)
  2 mummies (Ossuary)
  2 worker ant zombies
  8 gnolls
  14 adders
  2 shadow imps
  An ooze (D:2)
  4 adder zombies (Ossuary)
  4 worms
  3 leopard geckos
  15 orcs
  A ball python (D:4)
  3 giant cockroaches
  4 gnoll zombies (Ossuary)
  15 goblins
  4 hobgoblins
  7 jackals
  6 kobolds
  3 quokkas
  2 bats (D:1)
  2 frilled lizards
  2 hobgoblin zombies (Ossuary)
  6 kobold zombies (Ossuary)
  7 orc zombies (Ossuary)
  A quokka zombie (D:6)
  5 rats
194 creatures vanquished.

Vanquished Creatures (collateral kills)
  A centaur (D:7)
  A wight (D:7)
  A hound (D:9)
  A bullfrog zombie (D:8)
  An orc wizard (D:7)
  An orc (D:9)
6 creatures vanquished.

Grand Total: 200 creatures vanquished

Notes
Turn   | Place    | Note
-------+----------+-------------------------------------------
     0 | D:1      | Dfrag the Demonspawn Fire Elementalist began the quest for the Orb.
     0 | D:1      | Reached XP level 1. HP: 13/13 MP: 3/3
   251 | D:1      | Gained mutation: You are partially covered in yellow scales. (AC +2) [demonic ancestry]
   251 | D:1      | Reached XP level 2. HP: 16/19 MP: 1/5
  1008 | D:2      | Gained mutation: You are partially covered in sharp spines. [demonic ancestry]
  1008 | D:2      | Reached XP level 3. HP: 18/24 MP: 0/7
  1190 | D:2      | Found a hazy altar of Hepliaklqana.
  1412 | D:2      | Reached XP level 4. HP: 17/30 MP: 0/8
  1569 | D:3      | Found a faded altar of an unknown god.
  1595 | D:3      | Found a snail-covered altar of Cheibriados.
  1615 | D:3      | Found a shattered altar of Ashenzari.
  1635 | D:3      | Found an opulent altar of Gozag.
  1665 | D:3      | Found a glowing silver altar of Zin.
  1728 | D:3      | Learned a level 3 spell: Conjure Flame
  1733 | D:3      | Learned a level 4 spell: Sticky Flame
  1887 | D:3      | Noticed an ogre
  1907 | D:3      | Killed an ogre
  1907 | D:3      | Gained mutation: You are mostly covered in sharp spines. [demonic ancestry]
  1907 | D:3      | Reached XP level 5. HP: 25/35 MP: 1/10
  2036 | D:3      | Found a bloodstained altar of Trog.
  2452 | D:4      | Noticed Dowan
  2458 | D:4      | Found a sand-covered staircase.
  2458 | D:4      | Noticed Duvessa
  2465 | D:4      | Killed Duvessa
  2465 | D:4      | Reached XP level 6. HP: 25/41 MP: 5/12
  2473 | D:4      | Killed Dowan
  2483 | Ossuary  | Entered an ossuary
  3159 | Ossuary  | Reached XP level 7. HP: 41/46 MP: 3/13
  3174 | Ossuary  | Reached skill level 5 in Fire Magic
  3424 | D:4      | Found a deep blue altar of Sif Muna.
  3679 | D:4      | Found a white marble altar of Elyvilon.
  3713 | D:5      | Entered Level 5 of the Dungeon
  3717 | D:5      | Found Fowuawi's Armour Boutique.
  3726 | D:5      | Bought the +3 robe of Truth {MR+ Regen+ Str-5} for 195 gold pieces
  3851 | D:5      | Reached skill level 5 in Spellcasting
  3902 | D:5      | Found an iron altar of Okawaru.
  4022 | D:5      | Found Usexori's Armour Shoppe.
  4070 | D:5      | Reached skill level 5 in Conjurations
  4121 | D:5      | Noticed Edmund
  4284 | D:5      | Killed Edmund
  4284 | D:5      | Reached XP level 8. HP: 29/52 MP: 2/16
  4720 | D:6      | Found a bloodstained altar of Trog.
  5137 | D:6      | Noticed Blork the orc
  5146 | D:6      | Killed Blork the orc
  5284 | D:7      | Gained mutation: A weak demonic guardian rushes to your aid. [demonic ancestry]
  5284 | D:7      | Reached XP level 9. HP: 50/57 MP: 18/18
  5498 | D:7      | Found a shadowy altar of Dithmenos.
  5626 | D:7      | Found a staircase to the Ecumenical Temple.
  5781 | Temple   | Entered the Ecumenical Temple
  5852 | Temple   | Became a worshipper of Vehumet
  6288 | D:8      | Found a hide-covered altar of Uskayaw.
  6288 | D:8      | Noticed a hand axe
  6289 | D:8      | Noticed a dagger
  6428 | D:8      | Learned a level 5 spell: Fireball
  6515 | D:8      | Reached * piety under Vehumet
  6515 | D:8      | Offered knowledge of Freeze by Vehumet.
  6687 | D:9      | Found a basalt altar of Yredelemnul.
  6705 | D:9      | Gained mutation: You have a pair of small horns on your head. [demonic ancestry]
  6705 | D:9      | Reached XP level 10. HP: 63/63 MP: 13/21
  6804 | D:9      | Slain by an orc wizard

Vault maps used:
D:1:      dpeg_arrival_circle_labyrinth_a
D:2:      lemuel_round_altar
D:3:      nicolae_overflow_quartered_altars, marbit_many_paths,
          chequers_ecumenical_altar_simple_redux, minmay_ogre_servants
D:4:      kennysheep_mini, lemuel_doored_altar, chequers_ossuary_entry_cave,
          first_bread, minivault_23, st_stairs_8, uniq_duvessa
D:5:      overflow_temple_1_default, serial_shops, kennysheep_mini_moat, shop,
          st_stairs_1, uniq_edmund
D:6:      grunt_decor_cap, trog_ov_bears_minmay, uniq_blork_the_orc
D:7:      lemuel_coloured_pillars_altar, minmay_temple_entry_statues_pillars,
          eino_curves_04
D:8:      dancing_weapons_uskayaw
D:9:      basic_altar, serial_column_ruins, column_ruins_hut,
          column_ruins_temple_circle, column_ruins_grid_3, column_ruins_grid_1,
          column_ruins_open_tiny, column_ruins_columns_straight,
          column_ruins_open_small
Temple:   grunt_temple_mini_profane
Ossuary:  ossuary_tomb_2

Skill      XL: |  1  2  3  4  5  6  7  8  9 10 |
---------------+-------------------------------+-----
Fire Magic     | 3 4 5 6 8 |  8.4
Spellcasting   | 3 4 5 6 7 8 |  8.2
Conjurations   | 3 4 5 6 8 |  8.6
Dodging        | |  1.7
Stealth        | |  1.7

Action                   |  1- 3 |  4- 6 |  7- 9 | 10-12 || total
-------------------------+-------+-------+-------+-------++-------
Melee: Unarmed           |     2 |       |       |       ||     2
       Short sword       |    26 |    84 |   102 |       ||   212
       Dire flail        |       |       |   128 |    14 ||   142
       Headbutt          |       |       |       |     2 ||     2
 Cast: Flame Tongue      |    48 |    45 |    76 |    11 ||   180
       Sticky Flame      |       |     3 |    23 |     1 ||    27
       Fireball          |       |       |       |     3 ||     3
  Use: Scroll            |     1 |     4 |       |       ||     5
       Potion            |       |     1 |       |       ||     1
 Stab: Sleeping          |     1 |     4 |     9 |       ||    14
       Distracted        |       |       |     2 |       ||     2
  Eat: Chunk             |     1 |     5 |    15 |       ||    21
Armor: Robe              |     6 |    25 |    98 |    12 ||   141
Dodge: Dodged            |    32 |    48 |   153 |    24 ||   257
